 Dungeon Crawl Stone Soup version 0.27-a0-695-gb4952372f7 (webtiles) character file.

Game seed: 18258042948984097715

62 lessens the Poker (level 4, 0/26 HPs)
             Began as a Tengu Gladiator on Mar 21, 2021.
             Slain by a hobgoblin
             ... wielding a +0 club
              (6 damage)
             ... on level 2 of the Dungeon.
             The game lasted 00:01:31 (1500 turns).

lessens the Poker (Tengu Gladiator)                 Turns: 1500, Time: 00:01:31

Health: 0/26       AC:  3    Str: 15    XL:     4   Next: 8%
Magic:  5/5        EV: 12    Int:  9    God:
Gold:   89         SH:  0    Dex: 15    Spells: 3/3 levels left

rFire    . . .     SeeInvis .   a - +0 trident
rCold    . . .     Faith    .   (no shield)
rNeg     . . .     Spirit   .   b - +0 leather armour
rPois    .         Reflect  .   c - +0 hat
rElec    .         Harm     .   (no cloak)
rCorr    .         Rampage  .   (no gloves)
Will     .....                  (boots unavailable)
Stlth    +.........             (no amulet)
HPRegen  0.08/turn              (no ring)
MPRegen  0.09/turn              (no ring)

@: no status effects
A: beak, talons 3
a: no special abilities


You were on level 2 of the Dungeon.
You visited 1 branch of the dungeon, and saw 2 of its levels.

You collected 89 gold pieces.

Inventory:

Hand Weapons
 a - a +0 trident (weapon)
Missiles
 d - 3 throwing nets (quivered)
 e - 26 stones
Armour
 b - a +0 leather armour (worn)
 c - a +0 hat (worn)
Scrolls
 g - a scroll of enchant armour {unknown}


   Skills:
 - Level 2.0 Fighting
 + Level 5.3 Polearms
 - Level 2.0 Throwing
 - Level 3.2 Dodging


You had 3 spell levels left.
You didn't know any spells.
Your spell library contained the following spells:

 Spells                   Type           Power      Damage    Failure   Level
 Poisonous Vapours        Pois/Air       0%         N/A       58%         2
 Swiftness                Air            0%         N/A       58%         2
 Confusing Touch          Hex            0%         N/A       83%         3
 Gell's Gravitas          Tloc           0%         N/A       83%         3
 Spider Form              Tmut/Pois      0%         N/A       83%         3
 Petrify                  Tmut/Erth      0%         N/A       99%         4
 Metabolic Englaciation   Hex/Ice        0%         N/A       100%        5
 Yara's Violent Unravell  Hex/Tmut       0%         3d3       100%        5
 Eringya's Noxious Bog    Tmut/Pois      0%         N/A       100%        6
 Freezing Cloud           Conj/Ice/Air   0%         6-21      100%        6


Dungeon Overview and Level Annotations

Branches:
Dungeon (2/15)

Altars:


Innate Abilities, Weirdness & Mutations

You have a beak for a mouth.
You have claws for feet.


Message History

A worm is nearby!
You reach to attack!
You puncture the worm!
The worm is heavily wounded.
You reach to attack!
You hit the worm.
The worm is almost dead.
You completely miss the worm. You claw the worm.
You kill the worm!
You have reached level 4!
You feel clever.
e - 26 stones (gained 18)
There is a stone staircase leading down here.
You now have 89 gold pieces (gained 18).
A frilled lizard comes into view.
Found a stone staircase leading up.
A frilled lizard is nearby!
A frilled lizard is nearby!
Found 28 arrows.
A hobgoblin comes into view. It is wielding a +0 club.
You reach to attack!
The helpless frilled lizard fails to defend itself.
You hit the frilled lizard.
You kill the frilled lizard!
A worm comes into view.
The hobgoblin shouts!
A hobgoblin comes into view. It is wielding a +0 club.
Found a scroll labelled QIL NIXYIRHU.
You barely miss the worm. You claw the worm. You peck the worm.
The worm is moderately wounded.
You hit the worm.
The worm is heavily wounded.
The worm bites you!
You barely miss the worm.
The worm is moderately wounded.
The hobgoblin hits you with a +0 club. The worm bites you!
* * * LOW HITPOINT WARNING * * *
You puncture the hobgoblin!
You kill the hobgoblin!
The hobgoblin closely misses you. The hobgoblin hits you with a +0 club.
You die...

#.......#
#........#
.....####
#...####. ######
##..#### #
#....(#.#
##.##.#.### .###
#........#
.....##......#.#
#.........<.#
#...@g#......
#.###.#...... #.
#w)...... #
#.##..... ...
.... ... ...
....# .. ....# #
....?#


You could see a worm and a hobgoblin.

Vanquished Creatures
  2 adders (D:2)
  A worm (D:2)
  A dart slug (D:1)
  3 giant cockroaches (D:1)
  5 goblins
  6 hobgoblins
  9 bats
  3 frilled lizards
  6 kobolds
  3 rats (D:1)
39 creatures vanquished.

Vanquished Creatures (others)
  2 plants (D:1)
2 creatures vanquished.

Grand Total: 41 creatures vanquished

Notes
Turn   | Place    | Note
-------+----------+-------------------------------------------
     0 | D:1      | lessens the Tengu Gladiator began the quest for the Orb.
     0 | D:1      | Reached XP level 1. HP: 12/12 MP: 2/2
   223 | D:1      | Reached XP level 2. HP: 14/17 MP: 3/3
   319 | D:1      | Reached skill level 4 in Polearms
   737 | D:1      | Reached XP level 3. HP: 21/21 MP: 4/4
  1101 | D:2      | Identified Sif Muna's Collected Works on the Vitriolic
                  | Birds
  1109 | D:2      | Found a faded altar of an unknown god.
  1124 | D:2      | Reached skill level 5 in Polearms
  1400 | D:2      | Reached XP level 4. HP: 26/26 MP: 5/5
  1500 | D:2      | Slain by a hobgoblin

Illustrated notes

Levels and vault maps discovered:
D:1:      psy_arrival_conway, layout_loops_ring, serial_glass, glass_columns_a,
          glass_columns_b, serial_bayou_lagoon_b
D:2:      layout_loops_cross, chequers_ecumenical_altar_simple, st_stairs_10,
          nicolae_tso_carved_into_rock

Skill      XL: |  1  2  3 |
---------------+----------+-----
Polearms       | 4 5 |  5.3
Fighting       | |  2.0
Throwing       | |  2.0
Dodging        | |  3.2

Action                   |  1- 3 |  4- 6 || total
-------------------------+-------+-------++-------
Melee: Trident           |    96 |     5 ||   101
       Peck              |    17 |     1 ||    18
       Kick              |    14 |     1 ||    15
  Use: Potion            |     1 |       ||     1
 Stab: Sleeping          |       |     1 ||     1
Armor: Leather armour    |    21 |       ||    21
Dodge: Dodged            |    51 |     1 ||    52

Table legend: (Time is in decaauts)
 A = Elapsed time spent in this place.
 B = Non-inter-level travel time spent in this place.
 C = Inter-level travel time spent in this place.
 D = Time resting spent in this place.
 E = Time spent auto-exploring this place.
 F = Levels seen in this place.
 G = Mean time per level.
                   A        B        C        D        E       F      G
               +--------+--------+--------+--------+--------+-----+--------+
         Total |   1544 |   1471 |     73 |    206 |   1014 |   2 |  772.0 |
       Dungeon |   1544 |   1471 |     73 |    206 |   1014 |   2 |  772.0 |
               +--------+--------+--------+--------+--------+-----+--------+

Top non-repeatable levels by time:
     D:1: 1301 daAuts
     D:2: 242 daAuts
